[ AOE2 MATCH · #465691237 ]
1v1 RMVikings vs Malay
Player's team · LOSS
Rival team · WIN
[ REPLAY ANALYSIS · EXTRACTED FROM THE RECORDED GAME ]
Feudal
10:01
Castle
21:28
Imperial
40:11
| APM avg | 48.0 |
| APM peak | 84 |
| eAPM avg | 22.6 |
| Villagers / military | 139 / 312 |
Focus
⚔️ 48.7% · 🌾 51.3%
Archer ×87 · Skirmisher ×86 · Militia ×59 · Scout Cavalry ×51 · Spearman ×16 · Berserk ×9
Feudal
8:49
Castle
21:35
Imperial
34:26
| APM avg | 38.5 |
| APM peak | 87 |
| eAPM avg | 20.0 |
| Villagers / military | 164 / 383 |
Focus
⚔️ 33.5% · 🌾 66.5%
Karambit Warrior ×200 · Skirmisher ×113 · Battle Elephant ×39 · Scout Cavalry ×13 · Trebuchet (Packed) ×7 · Militia ×5
Match map
Initial resources + every placement click. Lines = walls · curves = elevation contours. ◆ gold · ⬟ stone · ● berries · ✦ relic · ◌ wall gap
Inputs per minute
— _-TaiPoWa-_ - - Carb0ne
Build order — _-TaiPoWa-_
First 150 of 546 actions detected
| 0:02 | Build | House |
| 0:05 | Build | House |
| 0:06 | Create | Villager (Male) |
| 0:06 | Create | Villager (Male) |
| 0:34 | Create | Villager (Male) |
| 0:34 | Create | Villager (Male) |
| 0:34 | Create | Villager (Male) |
| 1:34 | Create | Villager (Male) |
| 2:22 | Create | Villager (Male) |
| 2:23 | Create | Villager (Male) |
| 2:23 | Create | Villager (Male) |
| 2:26 | Build | Lumber Camp |
| 2:35 | Create | Villager (Male) |
| 2:35 | Create | Villager (Male) |
| 3:21 | Create | Villager (Male) |
| 3:39 | Create | Villager (Male) |
| 3:59 | Build | House |
| 4:05 | Create | Villager (Male) |
| 4:19 | Build | House |
| 4:22 | Create | Villager (Male) |
| 5:04 | Build | Mill |
| 5:13 | Create | Villager (Male) |
| 5:21 | Create | Villager (Male) |
| 5:55 | Build | House |
| 6:04 | Create | Villager (Male) |
| 6:36 | Create | Villager (Male) |
| 6:58 | Create | Villager (Male) |
| 7:18 | Build | Barracks |
| 7:20 | Research | Loom |
| 7:41 | Research | Feudal Age |
| 8:09 | Build | Mining Camp |
| 8:27 | Create | Militia |
| 8:27 | Create | Militia |
| 9:21 | Build | Farm |
| 9:38 | Build | Palisade Wall |
| 9:52 | Create | Villager (Male) |
| 10:01 | Age | Feudal Age |
| 10:04 | Build | Archery Range |
| 10:13 | Research | Double-Bit Axe |
| 10:22 | Research | Man-at-Arms (upgrade) |
| 10:34 | Create | Villager (Male) |
| 10:39 | Build | Farm |
| 10:48 | Build | House |
| 10:51 | Create | Skirmisher |
| 11:15 | Create | Skirmisher |
| 11:19 | Build | House |
| 11:21 | Build | Palisade Wall |
| 11:23 | Build | Palisade Wall |
| 11:27 | Build | Palisade Wall |
| 11:30 | Build | Palisade Wall |
| 11:34 | Build | Palisade Wall |
| 11:37 | Create | Villager (Male) |
| 11:38 | Build | Farm |
| 11:39 | Create | Villager (Male) |
| 12:03 | Build | Farm |
| 12:08 | Build | Watch Tower |
| 12:12 | Build | Palisade Wall |
| 12:16 | Build | Palisade Wall |
| 12:18 | Build | Palisade Wall |
| 12:23 | Create | Villager (Male) |
| 12:27 | Build | Farm |
| 12:27 | Build | Farm |
| 12:36 | Create | Skirmisher |
| 12:40 | Build | Palisade Wall |
| 12:47 | Build | Farm |
| 12:49 | Create | Villager (Male) |
| 13:11 | Create | Villager (Male) |
| 13:22 | Build | Farm |
| 13:40 | Create | Villager (Male) |
| 13:41 | Create | Skirmisher |
| 13:52 | Build | House |
| 13:57 | Build | Palisade Wall |
| 14:00 | Create | Villager (Male) |
| 14:03 | Build | Farm |
| 14:14 | Build | House |
| 14:16 | Build | Palisade Wall |
| 14:19 | Build | Farm |
| 14:20 | Create | Villager (Male) |
| 14:25 | Create | Skirmisher |
| 14:28 | Create | Spearman |
| 14:52 | Create | Villager (Male) |
| 14:56 | Create | Spearman |
| 15:20 | Build | Palisade Wall |
| 15:27 | Build | Blacksmith |
| 15:31 | Build | Palisade Wall |
| 15:40 | Create | Villager (Male) |
| 16:32 | Research | Fletching |
| 16:34 | Create | Villager (Male) |
| 16:35 | Create | Villager (Male) |
| 16:39 | Build | Farm |
| 16:57 | Build | House |
| 17:03 | Build | Palisade Wall |
| 17:09 | Build | Lumber Camp |
| 17:12 | Build | Farm |
| 17:16 | Create | Villager (Male) |
| 17:31 | Create | Spearman |
| 17:35 | Build | Farm |
| 17:39 | Build | Palisade Wall |
| 17:42 | Build | Palisade Wall |
| 17:45 | Build | Palisade Wall |
| 17:52 | Create | Archer |
| 18:01 | Build | Farm |
| 18:24 | Build | Market |
| 18:48 | Research | Castle Age |
| 18:57 | Create | Archer |
| 19:11 | Create | Archer |
| 19:21 | Build | Palisade Wall |
| 19:27 | Build | Palisade Wall |
| 20:05 | Create | Archer |
| 20:09 | Build | Archery Range |
| 20:29 | Research | Gold Mining |
| 20:35 | Build | House |
| 20:42 | Build | Palisade Wall |
| 21:13 | Create | Archer |
| 21:28 | Age | Castle Age |
| 21:33 | Create | Villager (Male) |
| 21:33 | Create | Villager (Male) |
| 21:35 | Build | Town Center |
| 21:40 | Research | Crossbowman (upgrade) |
| 21:41 | Research | Bodkin Arrow |
| 21:47 | Build | Lumber Camp |
| 22:00 | Create | Skirmisher |
| 22:03 | Create | Archer |
| 22:03 | Create | Archer |
| 22:09 | Create | Villager (Male) |
| 22:25 | Create | Spearman |
| 22:28 | Build | House |
| 22:30 | Build | House |
| 22:31 | Build | House |
| 22:32 | Build | House |
| 22:37 | Create | Villager (Male) |
| 23:30 | Create | Villager (Male) |
| 23:30 | Create | Villager (Male) |
| 23:30 | Create | Villager (Male) |
| 23:36 | Create | Archer |
| 23:36 | Create | Archer |
| 23:39 | Create | Villager (Male) |
| 23:44 | Research | Padded Archer Armor |
| 23:53 | Create | Archer |
| 23:53 | Create | Archer |
| 24:06 | Create | Archer |
| 24:14 | Create | Villager (Male) |
| 24:15 | Create | Villager (Male) |
| 24:19 | Research | Bow Saw |
| 24:32 | Build | Town Center |
| 24:34 | Create | Villager (Male) |
| 24:34 | Create | Villager (Male) |
| 24:36 | Create | Archer |
| 24:36 | Create | Archer |
| 24:36 | Create | Archer |
Build order — Carb0ne
First 150 of 484 actions detected
| 0:00 | Create | Villager (Male) ×4 |
| 0:01 | Build | House |
| 0:02 | Build | House |
| 1:28 | Create | Villager (Male) |
| 1:28 | Create | Villager (Male) |
| 1:46 | Build | Lumber Camp |
| 1:56 | Create | Villager (Male) |
| 1:56 | Create | Villager (Male) |
| 2:08 | Create | Villager (Male) |
| 2:46 | Create | Villager (Male) |
| 3:02 | Create | Villager (Male) |
| 3:02 | Create | Villager (Male) |
| 3:23 | Build | House |
| 3:27 | Create | Villager (Male) |
| 3:50 | Create | Villager (Male) |
| 3:51 | Create | Villager (Male) |
| 4:16 | Build | Mill |
| 4:32 | Create | Villager (Male) |
| 4:32 | Create | Villager (Male) |
| 4:57 | Create | Villager (Male) |
| 4:57 | Create | Villager (Male) |
| 4:58 | Create | Villager (Male) |
| 4:58 | Create | Villager (Male) |
| 5:08 | Build | House |
| 5:21 | Create | Villager (Male) |
| 5:52 | Create | Villager (Male) |
| 6:41 | Create | Villager (Male) |
| 6:43 | Research | Loom |
| 6:54 | Build | Barracks |
| 7:22 | Research | Feudal Age |
| 7:54 | Create | Militia |
| 7:54 | Create | Militia |
| 7:54 | Create | Militia |
| 8:06 | Build | Palisade Gate |
| 8:08 | Build | House |
| 8:49 | Age | Feudal Age |
| 8:57 | Create | Villager (Male) |
| 9:09 | Create | Villager (Male) |
| 9:11 | Research | Double-Bit Axe |
| 9:16 | Build | House |
| 9:33 | Build | House |
| 9:35 | Create | Militia |
| 9:48 | Create | Villager (Male) |
| 9:49 | Create | Villager (Male) |
| 9:55 | Build | Blacksmith |
| 10:21 | Build | Mining Camp |
| 10:29 | Build | Farm |
| 10:29 | Build | Farm |
| 10:29 | Build | Farm |
| 10:34 | Create | Villager (Male) |
| 10:40 | Create | Villager (Male) |
| 10:59 | Build | House |
| 11:01 | Build | House |
| 11:03 | Build | House |
| 11:06 | Build | Palisade Wall |
| 11:08 | Build | Palisade Wall |
| 11:12 | Create | Villager (Male) |
| 11:18 | Build | House |
| 11:19 | Create | Villager (Male) |
| 11:25 | Build | Farm |
| 11:37 | Build | Palisade Wall |
| 11:39 | Create | Villager (Male) |
| 11:42 | Build | Farm |
| 11:54 | Research | Man-at-Arms (upgrade) |
| 12:06 | Build | Farm |
| 12:07 | Create | Villager (Male) |
| 12:29 | Build | Lumber Camp |
| 12:35 | Create | Villager (Male) |
| 12:56 | Create | Villager (Male) |
| 13:06 | Build | Farm |
| 13:20 | Build | House |
| 13:38 | Create | Villager (Male) |
| 13:39 | Create | Villager (Male) |
| 13:40 | Build | Farm |
| 13:41 | Build | Farm |
| 13:45 | Build | House |
| 13:48 | Build | Market |
| 13:50 | Build | Palisade Wall |
| 13:55 | Build | House |
| 14:15 | Create | Villager (Male) |
| 14:16 | Build | Farm |
| 14:24 | Create | Villager (Male) |
| 14:34 | Build | Farm |
| 14:35 | Build | Farm |
| 14:43 | Research | Horse Collar |
| 14:53 | Create | Villager (Male) |
| 15:20 | Build | Stable |
| 15:22 | Create | Villager (Male) |
| 15:34 | Create | Villager (Male) |
| 15:38 | Build | Palisade Wall |
| 15:43 | Build | Farm |
| 15:44 | Create | Villager (Male) |
| 16:10 | Create | Scout Cavalry |
| 16:10 | Create | Scout Cavalry |
| 16:28 | Build | Farm |
| 16:28 | Build | Farm |
| 16:59 | Build | Farm |
| 17:00 | Build | Farm |
| 17:00 | Build | Farm |
| 17:00 | Build | Farm |
| 17:04 | Build | House |
| 17:05 | Build | House |
| 17:08 | Build | House |
| 17:27 | Create | Villager (Male) |
| 17:37 | Research | Wheelbarrow |
| 17:51 | Research | Forging |
| 17:55 | Create | Scout Cavalry |
| 17:59 | Create | Militia |
| 18:08 | Build | Farm |
| 18:40 | Build | Mining Camp |
| 18:57 | Research | Scale Barding Armor |
| 19:03 | Research | Gold Mining |
| 19:59 | Research | Castle Age |
| 20:10 | Research | Stone Mining |
| 21:14 | Create | Villager (Male) |
| 21:14 | Create | Villager (Male) |
| 21:35 | Age | Castle Age |
| 21:36 | Build | Town Center |
| 21:37 | Create | Battle Elephant |
| 21:37 | Create | Battle Elephant |
| 21:38 | Create | Battle Elephant |
| 21:38 | Create | Battle Elephant |
| 21:48 | Create | Villager (Male) |
| 21:54 | Research | Bow Saw |
| 21:56 | Create | Villager (Male) |
| 21:56 | Create | Villager (Male) |
| 22:34 | Research | Iron Casting |
| 22:45 | Create | Villager (Male) |
| 22:45 | Create | Villager (Male) |
| 22:45 | Create | Villager (Male) |
| 23:32 | Research | Light Cavalry (upgrade) |
| 23:32 | Create | Villager (Male) |
| 23:32 | Create | Villager (Male) |
| 23:33 | Create | Villager (Male) |
| 23:33 | Create | Villager (Male) |
| 23:35 | Build | Stable |
| 23:54 | Build | Archery Range |
| 23:57 | Create | Villager (Male) |
| 23:57 | Create | Villager (Male) |
| 23:57 | Create | Villager (Male) |
| 24:06 | Create | Villager (Male) |
| 24:16 | Build | Farm |
| 24:16 | Build | Farm |
| 24:35 | Create | Villager (Male) |
| 24:36 | Create | Villager (Male) |
| 24:38 | Build | Monastery |
| 24:53 | Create | Scout Cavalry |
| 24:54 | Create | Scout Cavalry |
| 24:54 | Create | Scout Cavalry |
| 25:00 | Build | House |
Match timeline
| 6:54 | Carb0ne · first_building Barracks |
| 7:18 | _-TaiPoWa-_ · first_building Barracks |
| 8:49 | Carb0ne · age_up feudal |
| 9:38 | _-TaiPoWa-_ · wall_segment Palisade Wall x1 |
| 10:01 | _-TaiPoWa-_ · age_up feudal |
| 10:04 | _-TaiPoWa-_ · first_building Archery Range |
| 11:06 | Carb0ne · wall_segment Palisade Wall x1 |
| 11:08 | Carb0ne · wall_segment Palisade Wall x1 |
| 11:21 | _-TaiPoWa-_ · wall_segment Palisade Wall x1 |
| 11:23 | _-TaiPoWa-_ · wall_segment Palisade Wall x1 |
| 11:27 | _-TaiPoWa-_ · wall_segment Palisade Wall x1 |
| 11:30 | _-TaiPoWa-_ · wall_segment Palisade Wall x1 |
| 11:34 | _-TaiPoWa-_ · wall_segment Palisade Wall x1 |
| 11:37 | Carb0ne · wall_segment Palisade Wall x1 |
| 12:12 | _-TaiPoWa-_ · wall_segment Palisade Wall x1 |
| 12:16 | _-TaiPoWa-_ · wall_segment Palisade Wall x1 |
| 12:18 | _-TaiPoWa-_ · wall_segment Palisade Wall x1 |
| 12:40 | _-TaiPoWa-_ · wall_segment Palisade Wall x8 |
| 13:50 | Carb0ne · wall_segment Palisade Wall x8 |
| 13:57 | _-TaiPoWa-_ · wall_segment Palisade Wall x7 |
| 14:16 | _-TaiPoWa-_ · wall_segment Palisade Wall x5 |
| 15:20 | Carb0ne · first_building Stable |
| 15:20 | _-TaiPoWa-_ · wall_segment Palisade Wall x1 |
| 15:31 | _-TaiPoWa-_ · wall_segment Palisade Wall x1 |
| 15:38 | Carb0ne · wall_segment Palisade Wall x6 |
| 17:03 | _-TaiPoWa-_ · wall_segment Palisade Wall x1 |
| 17:39 | _-TaiPoWa-_ · wall_segment Palisade Wall x1 |
| 17:42 | _-TaiPoWa-_ · wall_segment Palisade Wall x1 |
| 17:45 | _-TaiPoWa-_ · wall_segment Palisade Wall x1 |
| 18:47 | Carb0ne · first_market_buy 100 food |
| 19:21 | _-TaiPoWa-_ · wall_segment Palisade Wall x1 |
| 19:27 | _-TaiPoWa-_ · wall_segment Palisade Wall x1 |
| 19:58 | Carb0ne · first_market_sell 100 wood |
| 20:42 | _-TaiPoWa-_ · wall_segment Palisade Wall x8 |
| 21:28 | _-TaiPoWa-_ · age_up castle |
| 21:31 | _-TaiPoWa-_ · first_market_buy 100 stone |
| 21:35 | Carb0ne · age_up castle |
| 23:54 | Carb0ne · first_building Archery Range |
| 24:25 | _-TaiPoWa-_ · first_market_sell 100 wood |
| 24:38 | Carb0ne · first_building Monastery |
| 25:53 | Carb0ne · wall_segment Palisade Wall x5 |
| 27:04 | Carb0ne · first_building Castle |
| 34:26 | Carb0ne · age_up imperial |
| 34:39 | _-TaiPoWa-_ · first_building Monastery |
| 35:02 | _-TaiPoWa-_ · first_building Castle |
| 40:11 | _-TaiPoWa-_ · age_up imperial |
| 45:30 | _-TaiPoWa-_ · first_building Stable |
| 49:56 | Carb0ne · first_building Siege Workshop |
| 54:07 | _-TaiPoWa-_ · resign |
[ AI ANALYSIS · 1 CREDIT ]
What really happened in this match?
Wolo.gg analyzes every decision: build order, eco, micro, common mistakes by bracket. Personalized analysis on WhatsApp or Discord in 30 seconds.
Civ guide
Vikings
Map guide
Arabia
Perfil
Jugador #19250555